 Dungeon Crawl Stone Soup version 0.17-a0-945-g601bd79 (webtiles) character file.

189 Wuntvor the Covered (level 5, 0/47 HPs)
             Began as a Minotaur Fighter on May 6, 2015.
             Slain by Grinder (1 damage)
             ... on level 3 of the Dungeon.
             The game lasted 00:09:26 (2127 turns).

Wuntvor the Covered (Minotaur Fighter)              Turns: 2127, Time: 00:09:26

Health: 0/47       AC: 13    Str: 22    XL:     5   Next: 40%
Magic:  4/4        EV:  5    Int:  5    God:
Gold:   67         SH:  9    Dex:  9    Spells: 0 memorised, 4 levels left

rFire  . . .     SeeInvis .     v - +1 dagger (venom)
rCold  . . .     Clarity  .     w - +0 plate armour
rNeg   . . .     SustAb   .     c - +0 shield
rPois  .         Gourm    .     (helmet restricted)
rElec  .         Spirit   .     g - +0 cloak
rCorr  .         Warding  .     (no gloves)
rMut   .         Stasis   +     (no boots)
MR     .....                    k - amulet of stasis
Stlth  ..........               (no ring)
                                (no ring)

@: not resistant to hostile enchantments, extremely unstealthy
A: retaliatory headbutt, horns 2
a: no special abilities


You were on level 3 of the Dungeon.
You were not hungry.

You visited 1 branch of the dungeon, and saw 3 of its levels.

You collected 67 gold pieces.

Inventory:

Hand weapons
 a - a +0 long sword
 t - a +2 dagger of speed
 v - a +1 dagger of venom (weapon)
Armour
 b - a +0 scale mail
 c - a +0 shield (worn)
 g - a +0 cloak (worn)
 w - a +0 plate armour (worn)
Jewellery
 k - an amulet of stasis (around neck)
Magical devices
 n - a wand of confusion (14)
Scrolls
 h - a scroll of teleportation {unknown}
 j - 3 scrolls of fog {unknown}
 l - 7 scrolls of remove curse {unknown}
 m - a scroll of blinking {unknown}
 o - a scroll of magic mapping {unknown}
 q - 3 scrolls of identify {unknown}
 r - 2 scrolls of recharging {unknown}
 u - a scroll of random uselessness {unknown}
 y - a scroll of enchant armour {unknown}
Potions
 d - a potion of might
 i - 2 potions of degeneration {unknown}
 p - a potion of poison {unknown}
 s - a potion of lignification {unknown}
 x - 2 potions of invisibility {unknown}
 A - a potion of curing {unknown}
Comestibles
 e - 3 bread rations
 f - 2 meat rations
 z - 2 chunks of flesh


   Skills:
 + Level 4.6 Fighting
 + Level 0.7(2.0) Short Blades
 + Level 3.4(3.5) Long Blades
 + Level 0.2 Throwing
 + Level 4.7 Armour
 + Level 2.0 Dodging
 + Level 0.1 Stealth
 + Level 4.6 Shields


You had 4 spell levels left.
You didn't know any spells.

Dungeon Overview and Level Annotations

Branches:
Dungeon (3/15)

Altars:
Ashenzari
Cheibriados

Annotations:
D:3 Grinder


Innate Abilities, Weirdness & Mutations

You reflexively headbutt those who attack you in melee.
You have a pair of horns on your head.


Message History

The goblin hits you but does no damage. Grinder gestures at you.
You resist with significant effort.
You closely miss Grinder.
Grinder is lightly wounded.
The goblin hits you.
* * * LOW HITPOINT WARNING * * *
Grinder hits you but does no damage.
You hit Grinder.
Grinder is lightly wounded.
You block the goblin's attack. Grinder hits you.
* * * LOW HITPOINT WARNING * * *
You writhe in agony.
* * * LOW HITPOINT WARNING * * *
You hit Grinder but do no damage.
Grinder is lightly wounded.
You block the goblin's attack. Grinder hits you.
* * * LOW HITPOINT WARNING * * *
You writhe in agony.
You die...

###### ##....##
###.g....###
#..@5....((###
#......).....#####
###......#....#..##
##....####......##
###### ##...#...
#....... ##.#..##
#######.##...
##.....#......


You could see Grinder and a goblin.

Vanquished Creatures
  Crazy Yiuf (D:2)
  Jessica (D:2)
  Robin (D:2)
  2 adders
  3 gnolls (D:2)
  2 adder zombies (D:1)
  A giant gecko (D:2)
  5 orcs (D:3)
  4 bats
  14 goblins
  7 hobgoblins
  8 kobolds
  3 quokkas
  A ball python (D:1)
  6 giant cockroaches
  2 giant newts
  7 rats
68 creatures vanquished.

Notes
Turn   | Place    | Note
--------------------------------------------------------------
     0 | D:1      | Wuntvor, the Minotaur Fighter, began the quest for the Orb.
     0 | D:1      | Reached XP level 1. HP: 19/19 MP: 0/0
   239 | D:1      | Reached XP level 2. HP: 27/27 MP: 1/1
   352 | D:1      | Reached skill level 4 in Fighting
   790 | D:2      | Noticed Robin
   806 | D:2      | Killed Robin
   806 | D:2      | Reached XP level 3. HP: 33/33 MP: 2/2
  1338 | D:2      | Reached XP level 4. HP: 37/41 MP: 3/3
  1413 | D:2      | Reached skill level 1 in Dodging
  1468 | D:2      | Noticed Jessica
  1476 | D:2      | Killed Jessica
  1849 | D:2      | Noticed Crazy Yiuf
  1853 | D:2      | Killed Crazy Yiuf
  1853 | D:2      | Reached XP level 5. HP: 38/47 MP: 4/4
  1947 | D:3      | Found a shattered altar of Ashenzari.
  2046 | D:3      | Found a snail-covered altar of Cheibriados.
  2099 | D:3      | Noticed Grinder
  2127 | D:3      | HP: 1/47 [Grinder (2)]
  2127 | D:3      | Slain by Grinder

Action                   |  1- 3 |  4- 6 || total
-------------------------+-------+-------++-------
Melee: Long sword        |   117 |       ||   117
       Dagger            |    11 |    92 ||   103
Throw: Javelin           |       |     7 ||     7
  Eat: Chunk             |     1 |     2 ||     3
       Royal jelly       |       |     1 ||     1
